 Dungeon Crawl Stone Soup version 0.30-a0-263-ge22c4ad894 (webtiles) character file.

Game seed: 14622087011824207758

1152 ytrimaz the Changer (level 8, -7/56 (57) HPs)
             Began as an Octopode Transmuter on Oct 13, 2022.
             Was an Initiate of Ashenzari.
             Mangled by a wight
             ... wielding a +4 halberd
              (17 damage)
             ... on level 6 of the Dungeon.
             The game lasted 00:08:37 (5509 turns).

ytrimaz the Changer (Octopode Transmuter)           Turns: 5509, Time: 00:08:38

HP:   -7/56 (57)    AC:  7    Str: 16    XL:     8   Next: 38%
MP:   10/16         EV: 25    Int: 17    God:    Ashenzari [......]
Gold: 399           SH:  0    Dex: 12    Spells: 7/17 levels left

rFire   x . .      SeeInvis .      - Unarmed
rCold   + + +      Faith    .    (shield currently unavailable)
rNeg    + . .      Spirit   .    (helmet currently unavailable)
rPois   +          Reflect  .    d - amulet of the acrobat
rElec   .          Harm     .    f - ring of protection from cold
rCorr   .          Rampage  .    l - +6 ring of strength
Will    +....                    p - ring of positive energy
Stlth   +.........               (no ring)
HPRegen 0.29/turn                (no ring)
MPRegen 0.15/turn                (no ring)
                                 (no ring)
                                 (no ring)

@: ice-form, wereblooded, acrobatic, lightly drained
A: freezing attack, boosted hp, almost no armour, amphibious, 8 rings, large,
(camouflage 1), (gelatinous body 1), (nimble swimmer 1), (tentacles),
(iridescent scales 1), strong-willed 1, (shaggy fur 1), MP-powered wands
a: End Transformation, Renounce Religion


You were on level 6 of the Dungeon.
You worshipped Ashenzari.
Ashenzari was noncommittal.
You were a creature of crystalline ice.
You visited 2 branches of the dungeon, and saw 7 of its levels.
You also visited: Sewer and Ossuary.

You collected 399 gold pieces.


Innate Abilities, Weirdness & Mutations

You are a creature of crystalline ice.
You have a powerful freezing melee attack.
Your maximum health is increased.
Your armour is entirely melded.
You are incapable of wielding weapons or throwing items.
You cannot wear most types of armour.
You are amphibious.
You can wear up to eight rings at the same time.
((Your skin changes colour to match your surroundings (Stealth+).))
((Your rubbery body absorbs attacks. (AC +1, EV +1)))
((You are camouflaged when in or above water. (Stealth+)))
((You have tentacles for arms and can constrict up to eight enemies at once.))
((You are partially covered in iridescent scales. (AC +2)))
You are strong-willed. (Will+)
((You are covered in fur. (AC +1)))
You expend magic power (3 MP) to strengthen your wands.


   Skills:
 - Level 1.0 Fighting
 - Level 2.0 Dodging
 - Level 3.0 Unarmed Combat
 + Level 5.4 Spellcasting
 + Level 5.9 Transmutations
 - Level 4.0 Ice Magic
 - Level 4.1 Poison Magic


You had 7 spell levels left.
You knew the following spells:

 Your Spells              Type           Power      Damage    Failure   Level
a - Beastly Appendage     Tmut           48%        N/A       1%          1
b - Wereblood             Tmut           24%        N/A       1%          2
c - Spider Form           Tmut/Pois      21%        N/A       5%          3
d - Ice Form              Ice/Tmut       21%        N/A       19%         4

Your spell library contained the following spells:

 Spells                   Type           Power      Damage    Failure   Level
 Blade Hands              Tmut           12%        N/A       32%         5
 Irradiate                Conj/Tmut      7%         3d14      75%         5
 Iron Shot                Conj/Erth      2%         9d2       100%        6
 Dragon Form              Tmut           12%        N/A       100%        7
 Animate Armour           Summ/Erth      Unusable   N/A       N/A         4

Inventory:

Jewellery
 d - an amulet of the acrobat (around neck)
   (You found it on level 1 of the Dungeon)
 f - a ring of protection from cold (left front paw)
   (You found it on level 1 of the Dungeon)
 g - an amulet of guardian spirit
   (You found it on level 1 of the Dungeon)
 l - a +6 ring of strength (right front paw)
   (You found it on level 3 of the Dungeon)
 p - a ring of positive energy (on tentacle)
   (You found it on level 6 of the Dungeon)
 t - the ring of the Fifty Dreams {Contam rC- rCorr Str+9}
   (You found it on level 6 of the Dungeon)

   [ring of resist corrosion]

   Str:       It affects your strength (+9).
   rC:        It makes you vulnerable to cold.
   Contam:    It causes magical contamination when unequipped.
   rCorr:     It protects you from acid and corrosion.
Wands
 m - a wand of charming (6)
   (You took it off Ijyb on level 3 of the Dungeon)
 n - a wand of flame (23)
   (You took it off Grinder on level 4 of the Dungeon)
 o - a wand of acid (5)
   (You found it on level 5 of the Dungeon)
 u - a wand of iceblast (12)
   (You found it on level 6 of the Dungeon)
Scrolls
 h - a scroll of amnesia
 j - 3 scrolls of teleportation
 q - a scroll of torment
 r - a scroll of enchant weapon {unknown}
Potions
 a - 2 potions of heal wounds
 b - 8 potions of curing
 c - 3 potions of mutation
 e - a potion of resistance {unknown}
 i - 2 potions of haste
 k - a potion of berserk rage {unknown}
 s - a potion of ambrosia {unknown}

Dungeon Overview and Level Annotations

Branches:
Dungeon (6/15) Zot: 26422  Temple (1/1) D:6 Zot: 5817   Sewer (visited)
Ossuary (visited)

Altars:
Ashenzari
Cheibriados
Elyvilon
Gozag
Hepliaklqana
Kikubaaqudgha
Makhleb
Nemelex Xobeh
Qazlal
Ru
Trog
Uskayaw
Vehumet
Wu Jian
Xom
Yredelemnul
Zin
The Shining One

########## ##########
.........# #.........
........z####.........
.......z.zY...........
........z##...........
##...######.###.......
### #.....#.......
#.#.###......>
#.._..####.... ..#
###.#.# .... ..#
#.....# ... ..#
###.######.


You could see 4 wights.


Message History

There is an open door here.
Key pressed, stopping explore.
Found a stone staircase leading down.
t - the ring of the Fifty Dreams {Contam rC- rCorr Str+9} An orc comes into view.
It is wielding a +0 hand axe.
A black bear comes into view.
Casting: Ice Form (quite dangerous; 21% risk of failure)
Confirm with . or Enter, or press ? or * to list all spells.
The spell is quite dangerous to miscast (21% risk of failure)!
Continue anyway?
You turn into a creature of crystalline ice.
The black bear growls angrily. 😎 HP[+9] MP[-4]
You now have 57 max hp (+9).
Your hp is fully restored (57).
You lost 4 mp, and now have 11/15 mp.
Unknown command.
You punch the orc! You freeze the orc.
You kill the orc!
You punch the black bear! You freeze the black bear.
Unknown command.
You hit the black bear. You freeze the black bear.
The black bear goes berserk!
You punch the black bear! You freeze the black bear.
You kill the black bear! 😎 MP[+1] No target in view!
Unknown command.
Things that are here:
a +0 hand axe; a +0 ring mail; an orc corpse Unknown command.
Your transformation is almost over.
Found an opulent altar of Gozag. 😎 MP[+3]
Your mp is fully restored (15).
u - a wand of iceblast (12) Unknown command.
You warm up again.
You now have 381 gold pieces (gained 13).
There is an opulent altar of Gozag here.
You now have 399 gold pieces (gained 18).
Found a stone staircase leading down. 😎 HP[-9]
You now have 48 max hp (-9).
As you open the door, it creaks loudly!
A wight comes into view. It is wielding a +4 halberd.
A wight is nearby!
A wight is nearby!
A wight is nearby!
Casting: Ice Form (quite dangerous; 19% risk of failure)
Confirm with . or Enter, or press ? or * to list all spells.
The spell is quite dangerous to miscast (19% risk of failure)!
Continue anyway?
You turn into a creature of crystalline ice.
A wight comes into view. It is wielding a +3 dagger.
A wight comes into view.
It is wielding a +0 great sword. 😎 HP[+9] MP[-4]
You now have 57 max hp (+9).
Your hp is fully restored (57).
You lost 4 mp, and now have 11/15 mp.
Unknown command.
A wight comes into view. It is wielding a +0 battleaxe.
A wight comes into view.
It is wielding a +1 scimitar of electrocution.
There is an open door here.
The wight completely misses you. The wight completely misses you.
There is an open door here.
The wight attacks as you move away! The wight misses you. 😎 MP[+1]
Casting: Ice Form (quite dangerous; 19% risk of failure)
Confirm with . or Enter, or press ? or * to list all spells.
Your blood is infused with primal strength.
The wight misses you. x2 😎 MP[-2]
You lost 2 mp, and now have 10/15 mp.
Unknown command.
You punch the wight! The wight closely misses you. x2
You punch the wight!
You destroy the wight!
The wight hits you from afar with a +4 halberd!
You partially resist.
You feel drained.
Your life force feels restored. 😕 HP[-8]
You take 8 damage, and now have 49/57 hp.
The wight misses you. The wight closely misses you.
There is an open door here.
Things that are here:
a +0 great sword; a +0 robe You punch the wight!
The wight closely misses you. The wight hits you with a +4 halberd!
The wight hits you with a +1 scimitar of electrocution.
You partially resist.
You feel drained.
You are electrocuted!!
* * * LOW HITPOINT WARNING * * *
😱 HP[-39]
You now have 56 max hp (-1).
You take 39 damage, and now have 10/56 hp.
MASSIVE DAMAGE!! (PAUSE)
Okay, then.
The wight attacks as you move away! The wight barely misses you.
The wight hits you from afar with a +4 halberd!
You die...

Skill      XL: |  1  2  3  4  5  6  7  8 |
---------------+-------------------------+-----
Poison Magic   | 1 3 4 |  4.1
Ice Magic      | 1 3 4 |  4.0
Spellcasting   | 3 4 5 |  5.4
Transmutations | 3 5 |  5.9
Fighting       | |  1.0
Dodging        | |  2.0
Unarmed Combat | |  3.0

Action                   |  1- 3 |  4- 6 |  7- 9 || total
-------------------------+-------+-------+-------++-------
Melee: Unarmed           |    86 |   129 |   146 ||   361
       Constrict         |    23 |    32 |     6 ||    61
       Tentacles         |    18 |    22 |     3 ||    43
       Kick              |     3 |       |       ||     3
       Punch             |     5 |     1 |       ||     6
 Cast: Beastly Appendage |     5 |     3 |       ||     8
       Spider Form       |       |     7 |     1 ||     8
       Ice Form          |       |       |    18 ||    18
       Wereblood         |       |       |     3 ||     3
  Use: Scroll            |     2 |     4 |     6 ||    12
       Potion            |       |     3 |     1 ||     4
 Stab: Sleeping          |     5 |     9 |     4 ||    18
Armor: Skin              |     5 |    36 |    50 ||    91
Dodge: Dodged            |    69 |   118 |    91 ||   278

Levels and vault maps discovered:
D:1:      dreamdust_arrival_sigmund_warning, layout_basic,
          shapermc_ecumenical_altar_mp_highgroup, grunt_decor_cap,
          minmay_misc_feat_roman
D:2:      layout_rooms, chequers_serial_rivers_micro_a
D:3:      layout_loops_cross, lemuel_crystal_altar,
          nicolae_overflow_crystal_walls, gammafunk_temple_overflow_elements,
          cheibrodos_sewer_entry_sluice, st_stairs_5,
          hangedman_decor_peaks_small, uniq_ijyb
D:4:      layout_rooms, minmay_tree_intersection, st_stairs_8, minivault_23,
          roderic_st_hans_cross, uniq_grinder
D:5:      layout_basic, nicolae_ossuary_entry_plus
D:6:      layout_basic, nicolae_gozag_cash_rules_everything_around_me,
          mainiacjoe_overflow_large_starburst,
          mainiacjoe_overflow_cross_hatched, temple_hall
Temple:   hellmonk_temple_flake

Notes
Turn   | Place    | Note
-------+----------+-------------------------------------------
     0 | D:1      | ytrimaz the Octopode Transmuter began the quest for the
                  | Orb.
     0 | D:1      | Reached XP level 1. HP: 13/13 MP: 3/3
     0 | D:1      | magus.rc [v1.9.6]
   155 | D:1      | Reached skill level 1 in Poison Magic
   192 | D:1      | Reached XP level 2. HP: 18/18 MP: 5/5
   246 | D:1      | Reached skill level 2 in Poison Magic
   275 | D:1      | Found a faded altar of an unknown god.
   481 | D:1      | Reached skill level 3 in Poison Magic
   526 | D:1      | Reached XP level 3. HP: 23/23 MP: 6/6
   529 | D:1      | Learned a level 2 spell: Wereblood
   917 | D:2      | HP: 5/23 [poisoned by an adder]
  1077 | D:2      | Reached skill level 4 in Poison Magic
  1129 | D:2      | Reached skill level 1 in Ice Magic
  1129 | D:2      | Reached XP level 4. HP: 9/28 MP: 7/7
  1129 | D:2      | HP: 7/28 [poisoned by an adder]
  1134 | D:2      | HP: 4/28 [poisoned by an adder]
  1161 | D:2      | HP: 6/28 [frilled lizard (2)]
  1561 | D:2      | Learned a level 3 spell: Spider Form
  1572 | D:3      | Found a glowing drain.
  1612 | Sewer    | Entered a sewer
  1850 | Sewer    | Reached skill level 2 in Ice Magic
  1867 | Sewer    | Noticed a kobold brigand
  1885 | Sewer    | Killed a kobold brigand
  1886 | Sewer    | Reached skill level 3 in Ice Magic
  1886 | Sewer    | Reached XP level 5. HP: 18/33 MP: 5/8
  1971 | Sewer    | Noticed a kobold brigand
  1971 | Sewer    | Noticed a kobold brigand
  2069 | D:3      | Found a radiant altar of Vehumet.
  2228 | D:3      | Noticed Ijyb
  2245 | D:3      | Killed Ijyb
  2258 | D:3      | Found an ornate altar of the Wu Jian Council.
  2636 | D:3      | You pick up a book of Transfigurations and begin reading...
  2636 | D:3      | You add the spells Irradiate, Blade Hands and Dragon Form
                  | to your library.
  2693 | D:3      | Reached skill level 4 in Ice Magic
  2726 | D:3      | Found a bloodstained altar of Trog.
  2726 | D:3      | Found a hide-covered altar of Uskayaw.
  2781 | D:4      | Reached XP level 6. HP: 34/38 MP: 9/9
  2896 | D:4      | HP: 9/38 [poisoned by a gnoll]
  3113 | D:4      | Noticed Grinder
  3132 | D:4      | Paralysed by Grinder for 4 turns
  3144 | D:4      | Killed Grinder
  3145 | D:4      | Reached skill level 3 in Spellcasting
  3145 | D:4      | Reached skill level 3 in Transmutations
  3145 | D:4      | Reached XP level 7. HP: 29/43 MP: 9/12
  3483 | D:5      | Entered Level 5 of the Dungeon
  3502 | D:5      | Learned a level 4 spell: Ice Form
  3521 | D:5      | Found a sand-covered staircase.
  3527 | Ossuary  | Entered an ossuary
  3692 | Ossuary  | Reached skill level 4 in Transmutations
  3954 | Ossuary  | Reached skill level 4 in Spellcasting
  4660 | D:5      | You pick up a book of Iron and begin reading...
  4727 | D:5      | Gained mutation: You are partially covered in iridescent
                  | scales. (AC +2) [potion of mutation]
  4727 | D:5      | Gained mutation: You expend magic power (3 MP) to
                  | strengthen your wands. [potion of mutation]
  4727 | D:5      | Gained mutation: You are covered in fur. (AC +1) [potion of
                  | mutation]
  4727 | D:5      | Gained mutation: You are strong-willed. (Will+) [potion of
                  | mutation]
  4764 | D:6      | Found a shimmering altar of Xom.
  4772 | D:6      | Reached skill level 5 in Transmutations
  4772 | D:6      | Reached XP level 8. HP: 48/48 MP: 9/15
  4959 | D:6      | Found a staircase to the Ecumenical Temple.
  4996 | Temple   | Entered the Ecumenical Temple
  5167 | Temple   | Became a worshipper of Ashenzari the Shackled
  5255 | D:6      | Reached skill level 5 in Spellcasting
  5419 | D:6      | Identified the ring of the Fifty Dreams {Contam rC- rCorr
                  | Str+9}
  5462 | D:6      | Found an opulent altar of Gozag.
  5508 | D:6      | HP: 10/56 [wight/+1 scimitar of electrocution (19)]
  5509 | D:6      | Mangled by a wight

Vanquished Creatures
  Grinder (D:4)
  An ice beast (D:6)
  A black bear (D:6)
  A kobold brigand (Sewer)
  A necrophage (D:5)
  A scorpion (D:5)
  A wight (D:6)
  A human zombie (Ossuary)
  2 orc priests (D:6)
  2 hounds
  Ijyb (D:3)
  An iguana (D:5)
  3 hound zombies (Ossuary)
  3 mummies (Ossuary)
  4 gnolls (D:4)
  8 adders
  A shadow imp (D:6)
  An ufetubus (D:6)
  5 adder zombies (Ossuary)
  3 dart slugs (D:1)
  3 orcs (D:6)
  3 endoplasms
  A giant cockroach (D:2)
  4 gnoll zombies (Ossuary)
  7 goblins
  5 hobgoblins (D:1)
  4 jackals (D:1)
  18 kobolds
  5 quokkas
  16 ball pythons
  7 bats
  6 frilled lizards
  A goblin zombie (Ossuary)
  9 hobgoblin zombies (Ossuary)
  4 jackal zombies (Ossuary)
  4 kobold zombies (Ossuary)
  2 orc zombies (Ossuary)
  2 quokka zombies (Ossuary)
  6 rats
  A rat zombie (Ossuary)
150 creatures vanquished.

Vanquished Creatures (others)
  A fungus (Sewer)
  5 plants (Sewer)
6 creatures vanquished.

Grand Total: 156 creatures vanquished

Table legend:
 A = Non-vault XP
 B = Vault XP
 C = Vault XP percentage of total XP
 D = Non-vault monster count
 E = Vault monster count
 F = Vault count percentage of total count
                 A         B        C        D         E       F
            +---------+---------+-------+---------+---------+-------
      Total |     991 |     655 |  39.8 |      86 |      64 |  42.7
            +---------+---------+-------+---------+---------+-------
        D:1 |      49 |       0 |   0.0 |      25 |       0 |   0.0
        D:2 |      52 |       0 |   0.0 |      18 |       0 |   0.0
        D:3 |      42 |      42 |  50.0 |      14 |       4 |  22.2
        D:4 |     104 |     276 |  72.6 |      12 |       3 |  20.0
        D:5 |     262 |       0 |   0.0 |       6 |       0 |   0.0
        D:6 |     482 |       0 |   0.0 |      11 |       0 |   0.0
      Sewer |       0 |     122 | 100.0 |       0 |      18 | 100.0
    Ossuary |       0 |     215 | 100.0 |       0 |      39 | 100.0
            +---------+---------+-------+---------+---------+-------

Illustrated notes

Table legend:
 A = Kills in this place as a percentage of kills in entire the game.
 B = Kills by you in this place as a percentage of kills by you in the entire game.
 C = Kills by friends in this place as a percentage of kills by friends in the entire game.
 D = Other kills in this place as a percentage of other kills in the entire game.
 E = Experience gained in this place as a percentage of experience gained in the entire game.
 F = Experience gained in this place divided by the number of levels of this place that you have seen.
                   A       B       C       D       E      F
               +-------+-------+-------+-------+-------+----------------------
         Total | 100.0 | 100.0 |   N/A |   N/A | 100.0 | 182.9
       Dungeon |  62.0 |  62.0 |   N/A |   N/A |  79.5 | 218.2
         Sewer |  12.0 |  12.0 |   N/A |   N/A |   7.4 | 122.0
       Ossuary |  26.0 |  26.0 |   N/A |   N/A |  13.1 | 215.0
               +-------+-------+-------+-------+-------+----------------------

Table legend: (Time is in decaauts)
 A = Elapsed time spent in this place.
 B = Non-inter-level travel time spent in this place.
 C = Inter-level travel time spent in this place.
 D = Time resting spent in this place.
 E = Time spent auto-exploring this place.
 F = Levels seen in this place.
 G = Mean time per level.
                   A        B        C        D        E       F      G
               +--------+--------+--------+--------+--------+-----+--------+
         Total |   5485 |   5307 |    178 |     62 |   4021 |   9 |  609.4 |
       Dungeon |   4309 |   4157 |    152 |     58 |   3256 |   6 |  718.2 |
        Temple |    182 |    156 |     26 |      0 |    142 |   1 |  182.0 |
         Sewer |    413 |    413 |      0 |      4 |    233 |   1 |  413.0 |
       Ossuary |    579 |    579 |      0 |      0 |    390 |   1 |  579.0 |
               +--------+--------+--------+--------+--------+-----+--------+

Top non-repeatable levels by time:
     D:1: 889 daAuts
     D:3: 788 daAuts
     D:4: 704 daAuts
     D:5: 678 daAuts
     D:2: 671 daAuts
 Ossuary: 579 daAuts
     D:6: 576 daAuts
   Sewer: 413 daAuts
  Temple: 182 daAuts
